 Dungeon Crawl Stone Soup version 0.30-a0-879-ga8ba668304 (console) character file.

Game seed: 3619587728291255721

14349 petzl the Destroyer (level 12, 0/86 HPs)
             Began as a Formicid Delver on Mar 13, 2023.
             Was a Priest of Vehumet.
             Shot with an arrow by a centaur warrior (19 damage)
             ... on level 13 of the Dungeon on Mar 14, 2023.
             The game lasted 01:40:10 (16579 turns).

petzl the Destroyer (Formicid Delver)              Turns: 16579, Time: 01:40:26

Health: 0/86       AC: 11    Str: 19    XL:     12   Next: 44%
Magic:  16/27      EV: 12    Int: 13    God:    Vehumet [***...]
Gold:   352        SH:  0    Dex: 21    Spells: 19/29 levels left

rFire   . . .      SeeInvis +    b - +2 shortbow (flame)
rCold   . . .      Faith    .    (no shield)
rNeg    . . .      Spirit   .    A - +3 troll leather armour
rPois   +          Reflect  .    (helmet unavailable)
rElec   .          Rampage  .    O - +0 cloak
rCorr   .                        k - +0 pair of gloves
Will    +....                    j - +0 pair of boots
Stlth   ++++                     I - amulet of the acrobat
HPRegen 1.14/turn                M - ring of poison resistance
MPRegen 0.20/turn                K - +6 ring of dexterity

@: invisible
A: permanent stasis, dig shafts and tunnels, antennae 3, four strong arms,
hooves 1, high MP 1
a: Dig, Shaft Self, Renounce Religion


You were on level 13 of the Dungeon.
You worshipped Vehumet.
Vehumet was most pleased with you.
You visited 3 branches of the dungeon, and saw 17 of its levels.
You also visited: Bailey.

You collected 869 gold pieces.
You spent 517 gold pieces at shops.

Inventory:

Hand Weapons
 a - a +1 flail of protection
 b - a +2 shortbow of flaming (weapon)
 c - a +1 short sword of venom
 d - a +2 dagger of holy wrath {!f =f}
 e - a +0 hand axe of flaming {!f =f}
Missiles
 o - 5 curare-tipped darts
 u - 46 poisoned darts
 H - a throwing net
 J - 7 javelins
Armour
 j - a +0 pair of boots (worn)
 k - a +0 pair of gloves (worn)
 A - a +3 troll leather armour (worn)
 O - a +0 cloak (worn)
Magical Staves
 y - a staff of air
Jewellery
 w - a ring of protection from fire
 E - a ring of ice
 I - an amulet of the acrobat (around neck)
 K - a +6 ring of dexterity (right hand)
 L - an amulet of magic regeneration
 M - a ring of poison resistance (left hand)
 R - a ring of protection from cold
Wands
 f - a wand of digging (3)
 D - a wand of flame (23)
 P - a wand of polymorph (4)
Scrolls
 i - a scroll of poison
 m - 2 scrolls of torment
 s - 2 scrolls of immolation
 F - 2 scrolls of amnesia
 N - 5 scrolls of fog
 V - 3 scrolls of identify
Potions
 g - 2 potions of ambrosia {unknown}
 h - a potion of berserk rage {unknown}
 l - 3 potions of lignification {unknown}
 n - 3 potions of might
 p - 5 potions of mutation
 q - 2 potions of magic {unknown}
 r - a potion of resistance {unknown}
 v - 3 potions of haste {unknown}
 x - 2 potions of cancellation {unknown}
 z - 4 potions of attraction {unknown}
 B - 2 potions of curing
 C - 3 potions of brilliance
 G - a potion of flight
 S - 2 potions of invisibility
 W - a potion of heal wounds
Miscellaneous
 t - a tin of tremorstones (2/2)


   Skills:
 - Level 5.4 Fighting
 - Level 2.0 Maces & Flails
 - Level 6.0 Ranged Weapons
 - Level 4.0 Armour
 - Level 1.7 Dodging
 - Level 7.9 Stealth
 - Level 9.0 Spellcasting
 - Level 11.0 Conjurations
 - Level 5.5 Hexes
 - Level 3.0 Translocations
 + Level 0.9 Fire Magic
 - Level 3.1 Ice Magic
 - Level 2.9 Air Magic
 - Level 3.0 Evocations


You had 19 spell levels left.
You knew the following spells:

 Your Spells              Type           Power      Damage    Failure   Level
a - Slow                  Hex            80%        N/A       1%          1
b - Freeze                Ice            56%        1d7       1%          1
c - Iskenderun's Mystic   Conj/Tloc      24%        2d7       2%          4
s - Sticky Flame          Conj/Fire      21%        2d4       3%          4

Your spell library contained the following spells:

 Spells                   Type           Power      Damage    Failure   Level
 Dazzling Flash           Conj/Hex       54%        N/A       1%          3
 Confusing Touch          Hex            20%        N/A       4%          3
 Gell's Gravitas          Tloc           13%        N/A       12%         3
 Teleport Other           Tloc           13%        N/A       12%         3
 Vampiric Draining        Necr           5%         2d6       38%         3
 Anguish                  Hex/Necr       6%         N/A       41%         4
 Starburst                Conj/Fire      10%        6d5       41%         6
 Dispersal                Tloc           6%         N/A       99%         6
 Enfeeble                 Hex            10%        N/A       100%        7


Dungeon Overview and Level Annotations

Branches:
Dungeon (15/15)            Temple (0/1) D:7            Lair (1/5) D:9
    Orc (1/2) D:10         Bailey (visited)
 Vaults: D:13-14     Depths: D:15

Altars:
Cheibriados
Elyvilon
Makhleb
Okawaru
Qazlal
Ru
Vehumet
Xom
Yredelemnul

Shops:
D:3 *   D:5 !   D:8 *   D:9 !   D:10 =   D:15 [

Annotations:
D:8 exclusion: downstairs
D:9 exclusion: upstairs
D:10 exclusion: downstairs
D:11 exclusions: cyclops and 2 downstairs, Erolcha
D:12 exclusion: downstairs
D:13 exclusions: 2 downstairs and upstairs
D:14 exclusions: 2 sensed monsters (detected) and 2 ugly things
D:15 exclusion: 4 sensed monsters (detected)
Orc:1 exclusion: ogre, Snorg


Innate Abilities, Weirdness & Mutations

You cannot be hasted, slowed, berserked, paralysed or teleported.
You can dig through walls and to a lower floor.
You have a pair of large antennae on your head. (SInv)
Your four strong arms can wield two-handed weapons with a shield.
You have large cloven feet.
You have an increased reservoir of magic. (+10% MP)


Message History

The centaur shoots an arrow.
The arrow misses you.
Okay, then.
Okay, then.
You fade into invisibility!
The centaur warrior is engulfed in poison gas.
The centaur warrior looks even sicker.
The centaur hits you but does no damage.
The centaur kicks you but does no damage.
The centaur is engulfed in poison gas.
The centaur looks even sicker.
The centaur warrior is engulfed in poison gas.
The centaur warrior looks even sicker.
Unknown command.
Unknown command.
Casting: Iskenderun's Mystic Blast (dangerous; 2% risk of failure)
Confirm with . or Enter, or press ? or * to list all spells.
You erupt in a blast of force!
The mystic blast hits the centaur warrior.
The centaur warrior is heavily wounded.
The centaur warrior is knocked back by the mystic blast.
The mystic blast hits the centaur!
You kill the centaur!
Vehumet accepts your kill.
You hear a bark!
You kill the centaur!
Vehumet accepts your kill.
The centaur warrior is engulfed in poison gas.
The centaur warrior looks as sick as possible!
The centaur warrior shoots an arrow.
The arrow hits you!
Your +1 short sword of venom stops dripping with poison.
Your +1 flail of protection hums with potential!
a - a +1 flail of protection (weapon)
Your +1 flail of protection goes still.
Your +2 shortbow of flaming bursts into flame!
b - a +2 shortbow of flaming (weapon)
The centaur warrior is engulfed in poison gas.
The centaur warrior looks as sick as possible!
The centaur warrior shoots an arrow.
The arrow hits you!
* * * LOW HITPOINT WARNING * * *
You are electrocuted!!
You die...

####.............
#####....#
..##......#####.....
#.....<# #.##.....†#
..... ......###
#.##......## ......
##... #.#######..#
...... ..h. #.#
######.####...... ...
#.# #................
O# #.#
#................ #.#
#................ #.#
#................ #.#
#................
#.###########.#######
§§☼☼§ #.........#
#.## ☼§§§§
#.........# #☼.#
###§§§☼§☼ #.........#
##§# ☼§#§☼c☼☼§
#.........#
#§☼§###§#§§☼§☼§
#.........#
☼§§☼§§☼§☼§§§§§§
#.........#
§☼☼§§☼§§.§☼§§§§
#.........# §§§§§§.@#
#.........# §§§§§☼)##
..........# §§§☼####
..........# §☼§
............ §
..........##
..........#
.......... ..#######
..# ...


You could see a centaur warrior (unable to see you, extremely poisoned).

Vanquished Creatures
  2 two-headed ogres
  A cyclops (D:12)
  An ugly thing (D:13)
  A kobold demonologist (D:11)
  A komodo dragon (D:9)
  4 trolls
  Grinder (D:3)
  A shadow (D:11)
  28 yaks
  9 slime creatures
  A wraith (D:11)
  A basilisk (D:12)
  A steam dragon (D:6)
  Menkaure (D:4)
  A vampire mosquito (D:13)
  2 acid dragons
  A water moccasin (D:9)
  5 orc warriors
  2 black bears
  2 ice beasts
  2 ogres
  4 centaurs
  A phantom (D:5)
  5 kobold brigands
  Blork the orc (D:4)
  7 bullfrogs
  6 scorpions
  8 killer bees
  4 howler monkeys
  2 hounds
  8 orc priests
  A jelly (D:5)
  A gnoll bouda (D:5)
  Jessica (D:2)
  2 iguanas
  Ijyb (D:5)
  2 sleepcaps
  8 orc wizards
  Robin (D:2)
  3 gnolls
  16 adders
  3 white imps
  An ufetubus (D:6)
  2 worms
  2 dart slugs
  48 orcs
  7 endoplasms
  4 giant cockroaches
  13 goblins
  14 hobgoblins
  5 jackals
  2 quokkas
  10 ball pythons
  5 bats
  13 frilled lizards (D:1)
  36 kobolds
315 creatures vanquished.

Vanquished Creatures (others)
  8 fungi (D:9)
  16 plants
24 creatures vanquished.

Grand Total: 339 creatures vanquished

Notes
Turn   | Place    | Note
-------+----------+-------------------------------------------
     0 | D:5      | petzl the Formicid Delver began the quest for the Orb.
     0 | D:5      | Reached XP level 1. HP: 18/18 MP: 1/1
    19 | D:6      | Noticed an ogre
    61 | D:6      | Killed an ogre
    62 | D:6      | Reached XP level 2. HP: 24/24 MP: 1/6
    62 | D:6      | Reached XP level 3. HP: 29/29 MP: 1/8
    62 | D:6      | Reached XP level 4. HP: 35/35 MP: 1/9
   218 | D:4      | Noticed a scorpion
   220 | D:4      | Killed a scorpion
   221 | D:4      | Reached XP level 5. HP: 41/41 MP: 10/12
   283 | D:4      | Reached skill level 5 in Spellcasting
   283 | D:4      | Reached XP level 6. HP: 47/47 MP: 14/14
   492 | D:3      | Found Vadoroi's General Store.
   642 | D:3      | Noticed Grinder
   695 | D:2      | Found a snail-covered altar of Cheibriados.
   720 | D:2      | Reached XP level 7. HP: 49/52 MP: 16/16
  1853 | D:2      | Noticed Robin
  1913 | D:2      | Killed Robin
  1982 | D:2      | Noticed Jessica
  2000 | D:2      | You fall into a shaft and drop 1 floor!
  2172 | D:2      | Killed Jessica
  2978 | D:4      | Noticed Blork the orc
  3043 | D:4      | Killed Blork the orc
  3460 | D:4      | Noticed Menkaure
  3593 | D:3      | Gained mutation: You have an increased reservoir of magic.
                  | (+10% MP) [potion of mutation]
  3593 | D:3      | Gained mutation: You have large cloven feet. [potion of
                  | mutation]
  3599 | D:3      | Learned a level 1 spell: Slow
  3648 | D:4      | Reached skill level 1 in Hexes
  3927 | D:5      | Noticed Ijyb
  3956 | D:5      | Killed Ijyb
  3957 | D:5      | Reached XP level 8. HP: 42/53 MP: 21/21
  4648 | D:5      | Found Miast's Distillery.
  4651 | D:5      | Bought a potion of degeneration for 13 gold pieces
  5396 | D:7      | Reached skill level 1 in Armour
  5461 | D:7      | Reached skill level 1 in Air Magic
  5627 | D:3      | Bought a ring of poison resistance for 260 gold pieces
  5714 | D:5      | Reached skill level 1 in Ranged Weapons
  6014 | D:6      | Reached XP level 9. HP: 41/65 MP: 23/23
  6193 | D:6      | Reached skill level 5 in Ranged Weapons
  6445 | D:6      | Found a white marble altar of Elyvilon.
  6446 | D:6      | Found a sacrificial altar of Ru.
  6446 | D:6      | Found a stormy altar of Qazlal.
  6446 | D:6      | Found an iron altar of Okawaru.
  6447 | D:6      | Found a shimmering altar of Xom.
  6448 | D:6      | Found a basalt altar of Yredelemnul.
  6450 | D:6      | Found a radiant altar of Vehumet.
  6451 | D:6      | Found a burning altar of Makhleb.
  6460 | D:6      | Became a worshipper of Vehumet
  6809 | D:6      | Reached skill level 1 in Evocations
  7402 | D:7      | Found a staircase to the Ecumenical Temple.
  7785 | D:8      | Identified a scroll of acquirement
  7836 | D:8      | Reached * piety under Vehumet
  7836 | D:8      | Offered knowledge of Freeze by Vehumet.
  7839 | D:8      | Learned a level 1 spell: Freeze
  7852 | D:8      | Found Xeotodygg's Assorted Antiques.
  7865 | D:8      | Bought a white potion for 19 gold pieces
  7865 | D:8      | Bought 2 white potions for 39 gold pieces
  7865 | D:8      | Bought a blue potion for 19 gold pieces
  7865 | D:8      | Bought a scroll of identify for 44 gold pieces
  8114 | D:9      | Reached skill level 1 in Ice Magic
  8200 | D:9      | Found Zutzylam's Distillery.
  8234 | D:9      | Found a flagged portal.
  8246 | Bailey   | Entered a bailey
  8321 | Bailey   | Reached XP level 10. HP: 26/73 MP: 20/24
  8331 | Bailey   | Acquired a book of Spectacle
  8340 | D:9      | You fall into a shaft and drop 2 floors!
  8346 | D:11     | Learned a level 4 spell: Iskenderun's Mystic Blast
  8551 | D:11     | Reached skill level 1 in Conjurations
  8551 | D:11     | Reached skill level 1 in Translocations
  8609 | D:10     | Entered Level 10 of the Dungeon
  8645 | D:11     | Reached skill level 2 in Conjurations
  8917 | D:11     | Reached skill level 3 in Conjurations
  9097 | D:11     | Noticed a cyclops
  9552 | D:11     | Reached skill level 4 in Conjurations
  9742 | D:10     | Reached skill level 5 in Conjurations
  9909 | D:10     | Found Pubohith's Jewellery Shop.
  9986 | D:9      | Found a faded altar of an unknown god.
 10041 | D:10     | Reached skill level 6 in Conjurations
 10438 | D:8      | Offered knowledge of Kiss of Death by Vehumet.
 10564 | D:9      | Reached ** piety under Vehumet
 10689 | D:9      | Noticed a komodo dragon
 10707 | D:9      | Killed a komodo dragon
 10708 | D:9      | Reached skill level 7 in Conjurations
 10708 | D:9      | Reached XP level 11. HP: 65/78 MP: 25/25
 10857 | D:9      | Reached skill level 8 in Conjurations
 11326 | D:9      | Found a staircase to the Lair.
 11465 | D:9      | Bought a potion of heal wounds for 65 gold pieces
 11651 | D:10     | Offered knowledge of Kindle Blastsparks by Vehumet.
 11722 | D:10     | Reached skill level 9 in Conjurations
 11836 | D:10     | Found a staircase to the Orcish Mines.
 12036 | D:11     | Noticed Erolcha
 12174 | Orc:1    | Entered Level 1 of the Orcish Mines
 12201 | Orc:1    | Noticed Snorg
 12982 | D:11     | Noticed a two-headed ogre
 13062 | D:11     | Killed a two-headed ogre
 13482 | D:12     | Reached skill level 10 in Conjurations
 13485 | D:12     | Noticed a two-headed ogre
 13718 | Lair:1   | Entered Level 1 of the Lair of Beasts
 14025 | D:3      | Killed Grinder
 14025 | D:3      | Reached *** piety under Vehumet
 14046 | D:4      | Killed Menkaure
 15196 | D:13     | Reached XP level 12. HP: 84/84 MP: 4/27
 15678 | D:12     | Killed a two-headed ogre
 15745 | D:12     | Reached skill level 5 in Fighting
 15841 | D:12     | Reached skill level 11 in Conjurations
 15841 | D:12     | Reached skill level 5 in Hexes
 16003 | D:13     | Noticed a two-headed ogre
 16331 | D:12     | Offered knowledge of Sticky Flame by Vehumet.
 16359 | D:12     | You fall into a shaft and drop 2 floors!
 16366 | D:14     | Learned a level 4 spell: Sticky Flame
 16367 | D:14     | Noticed a centaur warrior
 16381 | D:14     | Noticed a boulder beetle
 16382 | D:14     | You fall into a shaft and drop 1 floor!
 16382 | D:15     | Entered Level 15 of the Dungeon
 16502 | D:15     | Found Filamu's Armour Boutique.
 16510 | D:15     | Bought a +0 pair of gloves for 58 gold pieces
 16563 | D:14     | Noticed a boulder beetle
 16579 | D:13     | Shot with an arrow by a centaur warrior

Illustrated notes

Levels and vault maps discovered:
D:1:      matt_arrival_grand_opening, layout_loops_ring, minmay_lizard_king
D:2:      layout_loops_ring, minmay_hexomino_r4, uniq_jessica, uniq_robin
D:3:      layout_rooms, serial_shops, shop_coins, ebering_dispersal_statue_hall,
          uniq_grinder
D:4:      layout_loops_cross, uniq_blork_the_orc, uniq_menkaure
D:5:      layout_layer_cave, serial_shops, shop_statue, grunt_tough_drop,
          uniq_ijyb
D:6:      layout_loops_ring, minitemple, portal_sewer_entry_d
D:7:      layout_basic, minmay_temple_entry_nine_rooms
D:8:      layout_cave_pools, serial_shops, nicolae_shop_hallway_plus
D:9:      layout_stronghold, grunt_lair_entry_orc_guard_hut, enter_bailey_2,
          serial_column_ruins, column_ruins_temple_circle,
          column_ruins_open_tiny, column_ruins_open_tiny,
          column_ruins_corridor_dead_end, column_ruins_corridor_straight,
          column_ruins_corridor_straight, column_ruins_columns_dead_end,
          serial_shops, nicolae_square_shop
D:10:     layout_basic, orc_0_dummy, serial_shops, shop
D:11:     layout_stronghold, uniq_erolcha
D:12:     layout_basic, eino_small_chamber_without_monster
D:13:     layout_basic, uniq_azrael
D:14:     layout_cave_pools, hangedman_vaults_entry_quadrant_bands,
          lemuel_crystal_altar, uniq_roxanne, uniq_nessos
D:15:     hangedman_depths_entry_try_elsewhere_first, layout_stronghold,
          serial_shops, shop_statue
Lair:1:   layout_misc_corridors, infiniplex_staircase_pool_2, uniq_joseph
Orc:1:    layout_caves, uniq_snorg

Skill      XL: |  1  2  3  4  5  6  7  8  9 10 11 12 |
---------------+-------------------------------------+-----
Spellcasting   | 3 4 5 6 7 8 9 |  9.0
Hexes          | 2 4 5 |  5.5
Armour         | 1 2 3 4 |  4.0
Air Magic      | 1 2 |  2.9
Ranged Weapons | 3 6 |  6.0
Evocations     | 3 |  3.0
Fighting       | 4 5 |  5.4
Ice Magic      | 1 2 3 |  3.1
Stealth        | 7 |  7.9
Conjurations   | 7 10 11 | 11.0
Translocations | 3 |  3.0
Maces & Flails | |  2.0
Dodging        | |  1.7
Fire Magic     | |  0.9

Action                     |  1- 3 |  4- 6 |  7- 9 | 10-12 || total
---------------------------+-------+-------+-------+-------++-------
  Melee: Mace              |       |     6 |       |       ||     6
         Quarterstaff      |       |    43 |   250 |       ||   293
         Flail             |       |       |   285 |   281 ||   566
         Kick              |       |       |    98 |   109 ||   207
         Punch             |       |       |     5 |     6 ||    11
         Dagger            |       |       |     2 |     7 ||     9
         Whip              |       |       |    20 |       ||    20
         Short sword       |       |       |       |    12 ||    12
   Fire: Shortbow          |       |       |    59 |   269 ||   328
  Throw: Dart              |     3 |     7 |    10 |    27 ||    47
   Cast: Slow              |       |       |     8 |    93 ||   101
         Iskenderun's Myst |       |       |       |   115 ||   115
         Freeze            |       |       |       |     5 ||     5
Ability: Shaft Self        |       |       |     1 |     3 ||     4
         Dig               |       |       |     3 |     2 ||     5
  Evoke: Wand              |       |       |     2 |     7 ||     9
    Use: Scroll            |       |       |    11 |    16 ||    27
         Potion            |       |       |     8 |     6 ||    14
   Stab: Sleeping          |       |       |    16 |     1 ||    17
         Distracted        |       |       |     3 |       ||     3
         Paralysed         |       |       |     4 |       ||     4
 Armour: Leather armour    |       |    13 |       |       ||    13
         Ring mail         |       |     7 |   241 |    29 ||   277
         Troll leather arm |       |       |       |   127 ||   127
  Dodge: Dodged            |       |    46 |   403 |   310 ||   759

Table legend: (Time is in decaauts)
 A = Elapsed time spent in this place.
 B = Non-inter-level travel time spent in this place.
 C = Inter-level travel time spent in this place.
 D = Time resting spent in this place.
 E = Time spent auto-exploring this place.
 F = Levels seen in this place.
 G = Mean time per level.
                   A        B        C        D        E       F      G
               +--------+--------+--------+--------+--------+-----+--------+
         Total |  16863 |  15925 |    938 |   4085 |   5747 |  18 |  936.8 |
       Dungeon |  16555 |  15617 |    938 |   4043 |   5747 |  15 | 1103.7 |
          Lair |      5 |      5 |      0 |      0 |      0 |   1 |    5.0 |
  Orcish Mines |    207 |    207 |      0 |      9 |      0 |   1 |  207.0 |
        Bailey |     93 |     93 |      0 |     33 |      0 |   1 |   93.0 |
               +--------+--------+--------+--------+--------+-----+--------+

Top non-repeatable levels by time:
    D:11: 3016 daAuts
     D:5: 1999 daAuts
     D:6: 1504 daAuts
     D:9: 1444 daAuts
     D:4: 1051 daAuts
     D:7: 1003 daAuts
     D:2: 990 daAuts
    D:10: 977 daAuts
     D:8: 969 daAuts
     D:3: 932 daAuts
     D:1: 887 daAuts
    D:12: 829 daAuts
    D:13: 734 daAuts
   Orc:1: 207 daAuts
    D:15: 180 daAuts
